 Dungeon Crawl Stone Soup version 0.30-a0-639-g3916f1956a (webtiles) character file.

Game seed: 1600960194196610561

44 bmack86 the Covered (level 3, -2/33 HPs)
             Began as a Minotaur Fighter on Jan 17, 2023.
             Slain by an orc
             ... wielding a +0 flail
              (3 damage)
             ... on level 3 of the Dungeon.
             The game lasted 00:04:28 (1252 turns).

bmack86 the Covered (Minotaur Fighter)              Turns: 1252, Time: 00:04:28

Health: -2/33      AC:  9    Str: 22    XL:     3   Next: 41%
Magic:  2/2        EV:  7    Int:  5    God:
Gold:   61         SH:  4    Dex:  9    Spells: 2/2 levels left

rFire   . . .      SeeInvis .    a - +0 war axe
rCold   . . .      Faith    .    c - +0 buckler
rNeg    . . .      Spirit   .    m - +0 chain mail
rPois   .          Reflect  .    (helmet restricted)
rElec   .          Harm     .    (no cloak)
rCorr   .          Rampage  .    (no gloves)
Will    .....                    (no boots) Stlth
                                 (no amulet)
HPRegen 0.25/turn                (no ring)
MPRegen 0.08/turn                (no ring)

@: no status effects
A: horns 2, retaliatory headbutt
a: no special abilities


You were on level 3 of the Dungeon.
You visited 1 branch of the dungeon, and saw 3 of its levels.

You collected 61 gold pieces.

Inventory:

Hand Weapons
 a - a +0 war axe (weapon)
Missiles
 i - 6 silver javelins (quivered)
Armour
 b - a +0 scale mail
 c - a +0 buckler (worn)
 m - a +0 chain mail (worn)
Scrolls
 g - a scroll of fog {unknown}
 j - a scroll of fear {unknown}
 l - a scroll of magic mapping {unknown}
Potions
 d - 2 potions of might
 e - a potion of berserk rage
 f - 2 potions of curing {unknown}
 h - a potion of resistance
 k - a potion of attraction {unknown}
 n - a potion of ambrosia {unknown}
 o - a potion of lignification {unknown}
 p - a potion of magic {unknown}


   Skills:
 + Level 4.0 Fighting
 * Level 3.4 Axes
 + Level 0.4 Throwing
 + Level 4.0 Armour
 + Level 4.0 Shields


You had 2 spell levels left.
You didn't know any spells.
Your spell library was empty.

Dungeon Overview and Level Annotations

Branches:
Dungeon (3/15)

Altars:

Annotations:
D:2 1 runed translucent door, Crazy Yiuf


Innate Abilities, Weirdness & Mutations

You have a pair of horns on your head.
You reflexively headbutt those who attack you in melee.


Message History

You throw a silver javelin.
The silver javelin closely misses the orc.
You throw a silver javelin.
The silver javelin pierces through the orc!
You kill the orc!
There is a stone staircase leading up here.
You see here a +0 mace.
i - 7 silver javelins (gained 1)
Things that are here:
a +0 morningstar; a +0 leather armour; an orc corpse
Found a flail.
i - 9 silver javelins (gained 2);
p - a metallic silvery potion An orc priest comes into view.
It is wielding a +0 hand axe.
Found 6 gold pieces.
The orc priest shouts!
You hear a shout!
An orc comes into view. It is wielding a +0 flail.
You throw a silver javelin.
The silver javelin closely misses the orc priest.
The orc shouts!
You throw a silver javelin.
The silver javelin pierces through the orc priest but does no damage.
The orc priest is lightly wounded.
The silver javelin closely misses the orc.
The orc priest calls down the wrath of Beogh upon you.
Beogh smites you!
An orc comes into view. It is wielding a +0 flail.
You throw a silver javelin.
The silver javelin closely misses the orc priest.
The silver javelin pierces through the orc!
You kill the orc!
The orc priest calls down the wrath of Beogh upon you.
Beogh smites you!
* * * LOW HITPOINT WARNING * * *
You are too injured to fight recklessly!
The orc priest invokes the aid of Beogh against you.
Beogh smites you!
* * * LOW HITPOINT WARNING * * *
The orc priest looks braver for a moment.
The orc hits you with a +0 flail.
You die...

#. .# #.# . .# #.#
#. .#). ...
#.#..$# #.#
#.##..# #.#
#.##o.# #>#
#.##..# #.#
#.##@.# #<#
#.##.o# #)########
#.....# #......>..
#.###.###)###.####
#.........###
#...........#
#..##.##..#.##.#.
#..##.###.#.....)
#..#.#.......##


You could see an orc priest and an orc.

Vanquished Creatures
  2 dart slugs (D:1)
  3 orcs (D:3)
  2 ball pythons
  2 bats
  6 endoplasms
  A giant cockroach (D:1)
  2 goblins (D:1)
  3 hobgoblins
  5 kobolds
  A quokka (D:2)
  3 frilled lizards
  4 rats
34 creatures vanquished.

Notes
Turn   | Place    | Note
-------+----------+-------------------------------------------
     0 | D:1      | bmack86 the Minotaur Fighter began the quest for the Orb.
     0 | D:1      | Reached XP level 1. HP: 19/19 MP: 0/0
    41 | D:1      | Reached XP level 2. HP: 19/27 MP: 1/1
   574 | D:2      | Reached XP level 3. HP: 27/33 MP: 2/2
   653 | D:2      | Found a runed translucent door.
   654 | D:2      | Noticed Crazy Yiuf
   747 | D:2      | Found a faded altar of an unknown god.
  1250 | D:3      | HP: 1/33 [orc priest/divine providence (7)]
  1252 | D:3      | Slain by an orc

Illustrated notes

Levels and vault maps discovered:
D:1:      lordsloth_arrival_two_stooges, layout_rooms
D:2:      layout_loops_cross, hellmonk_ecumenical_altar_inner_sanctum,
          uniq_crazy_yiuf_cottage
D:3:      layout_loops_ring, st_stairs_10

Skill      XL: |  1  2  3 |
---------------+----------+-----
Axes           | 3 |  3.4
Armour         | 4 |  4.0
Fighting       | 4 |  4.0
Shields        | 4 |  4.0
Throwing       | |  0.4

Action                   || total
-------------------------++-------
Melee: War axe           ||    37
       Headbutt          ||     7
Throw: Javelin           ||    10
  Use: Scroll            ||     2
Armor: Scale mail        ||    17
       Chain mail        ||     1
Dodge: Dodged            ||    17
Block: Buckler           ||    13

Table legend: (Time is in decaauts)
 A = Elapsed time spent in this place.
 B = Non-inter-level travel time spent in this place.
 C = Inter-level travel time spent in this place.
 D = Time resting spent in this place.
 E = Time spent auto-exploring this place.
 F = Levels seen in this place.
 G = Mean time per level.
                   A        B        C        D        E       F      G
               +--------+--------+--------+--------+--------+-----+--------+
         Total |   1271 |   1240 |     31 |      0 |    855 |   3 |  423.7 |
       Dungeon |   1271 |   1240 |     31 |      0 |    855 |   3 |  423.7 |
               +--------+--------+--------+--------+--------+-----+--------+

Top non-repeatable levels by time:
     D:2: 732 daAuts
     D:1: 495 daAuts
     D:3: 42 daAuts
